 Dungeon Crawl Stone Soup version 0.22-a0-467-g5c5de1c (webtiles) character file.

103195 grizmgrazm2 the Bewitcher (level 15, -10/118 HPs)
             Began as a Vampire Enchanter on June 9, 2018.
             Was the Champion of Dithmenos.
             Killed by divine providence
             ... invoked by a sphinx
              (12 damage)
             ... on level 14 of the Dungeon on June 10, 2018.
             The game lasted 02:17:24 (35511 turns).

grizmgrazm2 the Bewitcher (Vampire Enchanter)      Turns: 35511, Time: 02:17:24

Health: -10/118    AC:  0    Str:  7    XL:     15   Next: 88%
Magic:  12/26      EV: 48    Int: 19    God:    Dithmenos [******]
Gold:   1082       SH:  0    Dex: 23    Spells: 11/29 levels left

rFire    . . .     SeeInvis +   (weapon currently unavailable)
rCold    + + .     Gourm    .   (shield currently unavailable)
rNeg     + + +     Faith    .   (armour currently unavailable)
rPois    ∞         Spirit   .   (helmet currently unavailable)
rElec    .         Reflect  .   (cloak currently unavailable)
rCorr    .         Harm     .   (gloves currently unavailable)
MR       +....                  (boots currently unavailable)
Stlth    ++++++++++             C - amulet of the acrobat
HPRegen  0.00/turn              (ring currently unavailable)
MPRegen  0.20/turn              (ring currently unavailable)

@: bat-form, flying, bloodless, non-regenerating, slowed, wreathed by umbra,
quick
A: tiny, fangs 3, see invisible, dopey 1, robust 1
a: End Transformation, Shadow Step, Shadow Form, Renounce Religion


You were on level 14 of the Dungeon.
You worshipped Dithmenos.
Dithmenos was exalted by your worship.
You were bloodless.
You were in vampire-bat-form.
You visited 4 branches of the dungeon, and saw 23 of its levels.
You also visited: Ossuary.

You collected 1765 gold pieces.
You spent 683 gold pieces at shops.

Inventory:

Hand Weapons
 a - a +7 dagger of venom (melded)
 H - a +0 dagger of electrocution
Missiles
 E - 154 stones (quivered)
Armour
 e - a +2 pair of boots
 g - a +0 pair of boots (melded)
 l - a +1 hat (melded)
 n - a +2 robe of cold resistance
 q - a +2 pair of gloves (melded)
 z - a scarf of resistance (melded)
 I - a +4 troll leather armour (melded)
Jewellery
 v - a ring of protection from magic (melded)
 w - a +2 ring of strength (melded)
 B - an uncursed ring of protection from cold
 C - an amulet of the acrobat (around neck)
 L - an uncursed amulet of magic regeneration
 M - an uncursed ring of see invisible
Wands
 c - a wand of paralysis (39)
 i - a wand of flame (37)
 o - a wand of polymorph (13)
 r - a wand of random effects (57)
 G - a wand of acid (20)
 J - a wand of digging (12)
Scrolls
 h - 17 scrolls of teleportation
 j - a scroll of enchant weapon
 k - 2 scrolls of amnesia
 p - 4 scrolls of remove curse
 s - 4 scrolls of fog
 y - 3 scrolls of fear
 N - a scroll of magic mapping
Potions
 b - 3 potions of invisibility
 d - a potion of agility
 f - 3 potions of flight
 m - a potion of haste
 t - 54 potions of blood
 u - 2 potions of cancellation
 x - 2 potions of lignification
 A - a potion of magic
 D - 4 potions of heal wounds
 F - 3 potions of curing
 K - a potion of berserk rage


   Skills:
 - Level 7.5 Fighting
 - Level 8.9 Short Blades
 - Level 11.3 Dodging
 - Level 18.6 Stealth
 - Level 7.6 Spellcasting
 - Level 19.6 Hexes
 + Level 9.6 Summonings
 - Level 2.9 Ice Magic
 - Level 4.9 Evocations


You had 11 spell levels left.
You knew the following spells:

 Your Spells              Type           Power        Failure   Level  Hunger
a - Corona                Hex            ######.      0%          1    None
b - Confuse               Hex            ######..     0%          3    #......
c - Tukima's Dance        Hex            ######..     0%          3    #......
d - Ensorcelled Hibernat  Hex/Ice        ######       1%          2    None
e - Summon Mana Viper     Hex/Summ       ######..     1%          5    #####..
f - Cause Fear            Hex            ######....   1%          4    ###....

Your spell library contained the following spells:

 Spells                   Type           Power        Failure   Level  Hunger
 Bolt of Fire             Conj/Fire      #.........   100%        6    ######.
 Lightning Bolt           Conj/Air       #.........   95%         5    #####..
 Bolt of Magma            Conj/Fire/Erth #.........   95%         5    #####..
 Mephitic Cloud           Conj/Pois/Air  #.......     28%         3    #......
 Venom Bolt               Conj/Pois      #.........   95%         5    #####..
 Olgreb's Toxic Radiance  Pois           #.......     67%         4    ###....
 Summon Small Mammal      Summ           ####         1%          1    None
 Summon Ice Beast         Ice/Summ       ####....     7%          4    ###....
 Call Imp                 Summ           #####...     1%          2    None
 Sting                    Conj/Pois      #...         10%         1    None
 Summon Demon             Summ           #####.....   4%          5    #####..
 Iron Shot                Conj/Erth      #.........   100%        6    ######.
 Recall                   Summ/Tloc      N/A          3%          3    #......
 Statue Form              Tmut/Erth      #........    100%        6    ######.
 Dragon Form              Tmut           #.........   100%        7    #######
 Shadow Creatures         Summ           N/A          26%         6    ######.
 Confusing Touch          Hex            ######       0%          1    None
 Flame Tongue             Conj/Fire      #....        10%         1    None
 Call Canine Familiar     Summ           #####...     1%          3    #......
 Metabolic Englaciation   Hex/Ice        ######....   2%          5    #####..
 Shatter                  Erth           #.........   100%        9    #######
 Static Discharge         Conj/Air       #.......     28%         3    #......
 Petrify                  Tmut/Erth      #.......     67%         4    ###....
 Tornado                  Air            #.........   100%        9    #######
 Leda's Liquefaction      Hex/Erth       #####.....   1%          4    ###....
 Aura of Abjuration       Summ           #####.....   4%          5    #####..
 Dazzling Spray           Conj/Hex       #####.       1%          3    #......
 Summon Forest            Summ/Tloc      ####......   34%         5    #####..
 Summon Lightning Spire   Summ/Air       ####....     13%         4    ###....
 Summon Guardian Golem    Hex/Summ       ######..     1%          3    #......
 Dragon's Call            Summ           #####.....   100%        9    #######
 Gell's Gravitas          Tloc           #.........   28%         3    #......
 Yara's Violent Unravell  Hex/Tmut       #####.....   4%          5    #####..
 Poisonous Vapours        Pois/Air       #.....       14%         2    None
 Ignition                 Fire           #.........   100%        8    #######


Dungeon Overview and Level Annotations

Branches:
Dungeon (14/15)            Temple (1/1) D:5            Lair (6/6) D:8
 Shoals (0/4) Lair:3       Spider (0/4) Lair:2          Orc (2/2) D:10
    Elf (0/3) Orc:2        Vaults (0/5) D:13
  Slime: Lair:5-6

Altars:
Ashenzari
Cheibriados
Dithmenos
Elyvilon
Fedhas
Gozag
Hepliaklqana
Kikubaaqudgha
Makhleb
Nemelex Xobeh
Qazlal
Ru
Sif Muna
Trog
Uskayaw
Vehumet
Wu Jian
Xom
Yredelemnul
Zin
The Shining One
Beogh

Shops:
D:7 :   Orc:2 (!*?

Portals:
Trove: D:13 (give 8 potions of agility)

Annotations:
D:11 exclusion: obsidian statue
D:14 2 runed doors
Lair:4 exclusion: 3 oklob plants


Innate Abilities, Weirdness & Mutations

You do not heal naturally.
You are immune to poison.
You have razor-sharp teeth.
You have supernaturally acute eyesight. (SInv)
((You can survive without breathing.))
((You are partially covered in iridescent scales. (AC +2)))
You are dopey. (Int -2)
You are robust. (+10% HP)


Message History

Things that are here:
a giant club; a giant spiked club The sphinx shouts!
You hear a roar!
Things that are here:
a giant club; a giant spiked club You see here a runed scale mail.
A basilisk comes into view.
One of your 55 potions of blood rots away.
The sphinx mumbles some strange words.
You feel yourself slow down.
The sphinx casts a spell.
You resist with significant effort.
The sphinx mumbles some strange words.
You resist with significant effort.
The sphinx mumbles some strange words.
Something smites you!
* * * LOW HITPOINT WARNING * * *
The sphinx casts a spell.
Something smites you!
You die...

#..............
#.....)........
#...'##########
#...#...# ##. #..##..##
##.. ###..##.#.. #...
##...###.#..##..#. .
#....###+##.#..#.# .Q###
#b#.###.KW#...##.#
....##...###5HC##.##.#.
..##.#...####K5*##....#.
.....Q...##.+TDxQQ#..#.#
.#.##.#.#'.#######...#.#
#.##.H.#..#######...#..
#.###.##.............##
#.##..#....#####..S).##
#..#.##....T.....#.#...


You could see a sphinx and a tengu warrior.

Vanquished Creatures
  Gastronok (D:8)
  Kirke (Lair:3)
  An orc warlord (Orc:2)
  A stone giant (Orc:1)
  An ettin (Orc:2)
  An ogre mage (D:13)
  Fannar (Lair:3)
  6 hydras
  7 two-headed ogres
  2 centaur warriors
  A tengu warrior (D:14)
  A queen ant (D:11)
  5 orc high priests
  The ghost of zard0z the Covert, a journeyman SpEn of Kikubaaqudgha (Lair:1)
  Urug (Lair:3)
  2 skeletal warriors
  Nergalle (Lair:3)
  2 unseen horrors
  Pikel (D:7)
  A necromancer (Lair:3)
  4 orc knights (Orc:2)
  6 deep elf magi
  3 ugly things
  5 orc sorcerers
  5 cyclopes
  2 wolf spiders
  A torpor snail (Lair:2)
  2 merfolk sirens (Lair:3)
  A black mamba (Lair:5)
  7 spiny frogs
  The ghost of gmonis the Magician, a novice DrWz (D:6)
  2 kobold demonologists
  6 komodo dragons
  2 merfolk (Lair:3)
  2 jumping spiders (Lair:2)
  A polar bear (Lair:3)
  10 trolls
  5 blink frogs (Lair:1)
  5 hippogriffs
  Prince Ribbit (D:7)
  5 hornets
  A slime creature (D:14)
  Sigmund (D:4)
  A wraith (D:13)
  40 yaks
  3 vampires
  4 fire bats (Lair:2)
  4 wyverns
  5 hogs (Lair:3)
  A human (D:11)
  4 hungry ghosts
  5 wargs (Orc:2)
  11 soldier ants
  7 water moccasins
  3 porcupines
  37 orc warriors
  3 ice beasts
  3 sky beasts
  3 black bears
  3 necrophages
  A boggart (D:14)
  17 ogres
  17 centaurs
  9 crocodiles
  3 big kobolds
  10 bullfrogs
  2 gnoll sergeants
  17 scorpions
  27 killer bees
  A troll zombie (D:10)
  2 wights (D:6)
  An electric eel (Lair:5)
  A howler monkey (D:6)
  5 crimson imps
  6 centaur zombies
  5 centaur skeletons
  7 hounds
  A quasit (D:13)
  2 human zombies (Ossuary)
  A jelly (D:13)
  29 orc priests
  23 orc wizards
  5 iguanas
  Ijyb (D:3)
  Natasha (D:3)
  28 worker ants
  2 yak simulacra (Lair:4)
  Terence (D:3)
  4 polar bear simulacra (Lair:4)
  3 wolf simulacra (Lair:4)
  7 ogre zombies (D:10)
  3 big kobold zombies (Ossuary)
  2 hound skeletons
  2 mummies (Ossuary)
  A worker ant zombie (D:7)
  A howler monkey zombie (D:8)
  21 gnolls
  2 scorpion zombies (Ossuary)
  18 adders
  5 shadow imps
  2 adder skeletons
  6 worms
  5 dart slugs
  5 leopard geckos
  100 orcs
  2 giant cockroaches
  4 goblins
  11 hobgoblins
  11 jackals
  2 quokkas
  2 ball pythons
  15 bats
  5 frilled lizards
  2 goblin zombies (D:10)
  2 hobgoblin skeletons (D:10)
  7 hobgoblin zombies
  11 kobolds
  3 kobold zombies (Ossuary)
  2 leopard gecko skeletons (D:5)
  An orc skeleton (D:10)
  17 orc zombies (D:10)
  7 rats
  2 river rat simulacra (Lair:4)
771 creatures vanquished.

Vanquished Creatures (collateral kills)
  A two-headed ogre (Orc:2)
  A skeletal warrior (D:14)
  A manticore (D:14)
  5 slime creatures (D:14)
  2 acid dragons (D:14)
  5 orc warriors
  2 boggarts (D:14)
  2 ogres
  A bullfrog (Lair:5)
  A wyvern skeleton (D:14)
  6 wights
  A crimson imp (D:14)
  A gnoll (D:8)
  7 orcs
  A hobgoblin (D:6)
37 creatures vanquished.

Vanquished Creatures (others)
  5 dream sheep (D:3)
  3 dancing weapons
  A mummy (Ossuary)
  A scorpion zombie (Ossuary)
  A goblin zombie (Ossuary)
  2 fungi (Lair:4)
  A plant (Lair:4)
14 creatures vanquished.

Grand Total: 822 creatures vanquished

Notes
Turn   | Place    | Note
-------+----------+-------------------------------------------
     0 | D:1      | grizmgrazm2 the Vampire Enchanter began the quest for the Orb.
     0 | D:1      | Reached XP level 1. HP: 13/13 MP: 3/3
   320 | D:1      | Reached XP level 2. HP: 18/19 MP: 0/5
   465 | D:1      | Reached skill level 5 in Stealth
   813 | D:2      | Reached XP level 3. HP: 17/24 MP: 4/6
  1032 | D:2      | Reached skill level 5 in Hexes
  1267 | D:2      | Reached XP level 4. HP: 3/30 MP: 5/7
  1748 | D:2      | Learned a level 3 spell: Confuse
  1779 | D:2      | Learned a level 3 spell: Tukima's Dance
  2262 | D:3      | Noticed Ijyb
  2269 | D:3      | Killed Ijyb
  2269 | D:3      | Reached XP level 5. HP: 30/35 MP: 8/8
  2651 | D:3      | You fall through a shaft for 2 floors!
  2651 | D:5      | Entered Level 5 of the Dungeon
  2668 | D:5      | Found a staircase to the Ecumenical Temple.
  2673 | Temple   | Entered the Ecumenical Temple
  2804 | D:5      | Found a sand-covered staircase.
  2810 | Ossuary  | Entered an ossuary
  3435 | Ossuary  | Reached XP level 6. HP: 15/41 MP: 3/10
  3921 | Ossuary  | Reached skill level 1 in Evocations
  3923 | Ossuary  | Reached skill level 6 in Hexes
  5059 | Ossuary  | Reached XP level 7. HP: 26/46 MP: 11/11
  5098 | Ossuary  | Gained mutation: You are dopey. (Int -2) [potion of mutation]
  5098 | Ossuary  | Gained mutation: You are partially covered in iridescent scales. (AC +2) [potion of mutation]
  5098 | Ossuary  | Gained mutation: You are robust. (+10% HP) [potion of mutation]
  5484 | D:5      | Reached skill level 7 in Hexes
  5772 | D:5      | Reached XP level 8. HP: 57/57 MP: 13/13
  6410 | D:4      | Noticed Sigmund
  6420 | D:4      | Killed Sigmund
  6420 | D:4      | Reached skill level 5 in Dodging
  6420 | D:4      | Reached skill level 10 in Stealth
  6444 | D:4      | Found a glowing golden altar of the Shining One.
  6975 | D:3      | Noticed Natasha
  6987 | D:3      | Killed Natasha
  7045 | D:3      | Noticed Terence
  7063 | D:3      | Killed Terence
  7126 | D:3      | Found a shimmering altar of Xom.
  7126 | D:3      | Noticed a dream sheep
  7126 | D:3      | Noticed a dream sheep
  7126 | D:3      | Noticed a dream sheep
  7126 | D:3      | Noticed a dream sheep
  7126 | D:3      | Noticed a dream sheep
  7131 | D:3      | Killed a dream sheep
  7131 | D:3      | Killed a dream sheep
  7131 | D:3      | Killed a dream sheep
  7131 | D:3      | Killed a dream sheep
  7132 | D:3      | Killed a dream sheep
  8715 | D:6      | Reached skill level 8 in Hexes
  8956 | D:6      | Noticed gmonis's ghost (novice DrWz)
  8985 | D:6      | Killed gmonis's ghost
  8985 | D:6      | Reached XP level 9. HP: 56/62 MP: 9/15
  9343 | D:6      | Found a shattered altar of Ashenzari.
  9344 | D:6      | Found a shadowy altar of Dithmenos.
  9344 | D:6      | Found a hide-covered altar of Uskayaw.
  9345 | D:6      | Found a deep blue altar of Sif Muna.
  9347 | D:6      | Found a stormy altar of Qazlal.
  9348 | D:6      | Found an ancient bone altar of Kikubaaqudgha.
  9349 | D:6      | Found a burning altar of Makhleb.
  9386 | D:6      | Became a worshipper of Dithmenos the Shadowed
  9533 | D:6      | Learned a level 2 spell: Ensorcelled Hibernation
  9862 | D:6      | Reached skill level 1 in Ice Magic
  9927 | D:6      | Reached * piety under Dithmenos
 10460 | D:7      | Found an ornate altar of the Wu Jian Council.
 10478 | D:7      | Noticed Pikel
 10504 | D:7      | Killed Pikel
 10675 | D:7      | Noticed Prince Ribbit
 10679 | D:7      | Killed Prince Ribbit
 10859 | D:7      | Found Nanoch's Book Shoppe.
 11224 | D:8      | Reached XP level 10. HP: 69/69 MP: 12/17
 11259 | D:8      | Reached ** piety under Dithmenos
 11289 | D:8      | Found a bloodstained altar of Trog.
 11315 | D:8      | Noticed Gastronok
 11360 | D:8      | Killed Gastronok
 11360 | D:8      | Reached skill level 9 in Hexes
 11559 | D:8      | Found a sacrificial altar of Ru.
 11657 | D:8      | Found a staircase to the Lair.
 11847 | Lair:1   | Entered Level 1 of the Lair of Beasts
 11847 | Lair:1   | Noticed a spiny frog
 11853 | Lair:1   | Killed a spiny frog
 11992 | Lair:1   | Noticed zard0z's ghost (journeyman SpEn)
 12009 | Lair:1   | Killed zard0z's ghost
 12009 | Lair:1   | Reached skill level 15 in Stealth
 12054 | Lair:1   | Reached skill level 10 in Hexes
 12661 | Lair:1   | Reached XP level 11. HP: 82/82 MP: 13/18
 14370 | Lair:1   | Reached skill level 5 in Short Blades
 14646 | Lair:2   | Reached skill level 15 in Hexes
 14646 | Lair:2   | Reached XP level 12. HP: 91/91 MP: 19/19
 14647 | Lair:2   | Reached skill level 18 in Hexes
 14647 | Lair:2   | Reached XP level 13. HP: 96/96 MP: 20/20
 14887 | Lair:2   | Found a hole to the Spider Nest.
 15469 | Lair:3   | Noticed Fannar
 15488 | Lair:3   | Killed Fannar
 15576 | Lair:3   | Reached *** piety under Dithmenos
 15645 | Lair:3   | Noticed Nergalle
 15655 | Lair:3   | Killed Nergalle
 15655 | Lair:3   | Reached skill level 5 in Spellcasting
 15687 | Lair:3   | Noticed Urug
 15860 | Lair:3   | Killed Urug
 15870 | Lair:3   | Reached skill level 5 in Fighting
 16120 | Lair:3   | Found a staircase to the Shoals.
 16750 | Lair:4   | Noticed Kirke
 16911 | Lair:3   | Reached XP level 14. HP: 107/107 MP: 19/22
 17650 | Lair:3   | Reached **** piety under Dithmenos
 17705 | Lair:3   | Killed Kirke
 19233 | Lair:6   | Entered Level 6 of the Lair of Beasts
 21014 | D:9      | Found a white marble altar of Elyvilon.
 21376 | D:10     | Entered Level 10 of the Dungeon
 21390 | D:10     | Reached skill level 10 in Dodging
 21626 | D:10     | Found a staircase to the Orcish Mines.
 22431 | D:10     | Reached ***** piety under Dithmenos
 22854 | Orc:1    | Entered Level 1 of the Orcish Mines
 22856 | Orc:1    | Noticed a stone giant
 22868 | Orc:1    | Killed a stone giant
 23043 | Orc:2    | Entered Level 2 of the Orcish Mines
 23321 | Orc:1    | Found a roughly hewn altar of Beogh.
 24736 | Orc:2    | Found Nujefux's Weapon Boutique.
 25605 | Orc:2    | Found Ariadwo's Distillery.
 25614 | Orc:2    | Bought a potion of haste for 130 gold pieces
 25614 | Orc:2    | Bought a potion of heal wounds for 65 gold pieces
 25614 | Orc:2    | Bought a potion of degeneration for 13 gold pieces
 25614 | Orc:2    | Bought a potion of curing for 39 gold pieces
 25614 | Orc:2    | Bought a potion of curing for 39 gold pieces
 25635 | Orc:2    | Found a roughly hewn altar of Beogh.
 25640 | Orc:2    | Reached skill level 19 in Hexes
 26824 | Orc:2    | Found a staircase to the Elven Halls.
 27268 | Orc:2    | Found Rolyf's Magic Scroll Shop.
 27437 | Orc:2    | Found a roughly hewn altar of Beogh.
 27437 | Orc:2    | Noticed an orc warlord
 27936 | Orc:2    | Killed an orc warlord
 28015 | Orc:2    | Upgraded the game from 0.22-a0-460-g49b1da7 to 0.22-a0-467-g5c5de1c
 28058 | Orc:2    | Reached ****** piety under Dithmenos
 28637 | Orc:2    | Bought 3 scrolls of enchant armour for 292 gold pieces
 28915 | Orc:2    | Found Urphio's General Store.
 29275 | Orc:2    | Bought a scroll of enchant armour for 105 gold pieces
 31099 | D:11     | Reached XP level 15. HP: 118/118 MP: 20/25
 32372 | D:11     | Noticed an azure jelly
 32915 | D:12     | Learned a level 5 spell: Summon Mana Viper
 33031 | D:12     | Reached skill level 1 in Summonings
 33672 | D:13     | Found a gate to the Vaults.
 33698 | D:13     | Reached skill level 5 in Summonings
 33817 | D:13     | Found a portal to a secret trove of treasure.
 35038 | D:14     | Found a runed door.
 35038 | D:14     | Noticed a tengu reaver
 35379 | D:14     | Found a runed door.
 35401 | D:14     | Learned a level 4 spell: Cause Fear
 35438 | D:14     | Found a runed door.
 35480 | D:14     | Noticed a sphinx
 35507 | D:14     | HP: 2/118 [sphinx/divine providence (10)]
 35511 | D:14     | Killed from afar by a sphinx

Vault maps used:
D:1:      nzn_arrival_crosshair
D:2:      minmay_wonky_spiral
D:3:      first_ration, minmay_misc_feat_rugged, kb_xom_exploding_sheep,
          uniq_natasha, uniq_ijyb, uniq_terence
D:4:      lemuel_round_altar, item_on_display_a, uniq_sigmund
D:5:      minmay_temple_entry_nine_rooms, nicolae_ossuary_entry_monument,
          kennysheep_minor_cross
D:6:      minitemple, minmay_misc_feat_enclosed, sigmund_army
D:7:      overflow_temple_1_default, serial_shops, shop_fountains, uniq_pikel,
          uniq_prince_ribbit1
D:8:      nicolae_overflow_hidden_temple, lair_entry_dummy, uniq_gastronok
D:9:      kennysheep_mini_moat, kennysheep_generic_room_3
D:10:     zombieorc2_lemuel
D:11:     regret_index_combs_of_tragedy, hangedman_stone_soup, minivault_15,
          minmay_another_anthill
D:13:     hangedman_vaults_entry_quadrant_bands, nicolae_trove_entry_diagonal
D:14:     minmay_the_grid_triangle_9x9_rhombus_full_mashed,
          minmay_misc_feat_more_columns
Temple:   jpeg_temple_island
Lair:1:   serial_bayou_shore_b
Lair:2:   spider_nest_entry_funnel_web
Lair:3:   elwin_shoals_entry_stream, uniq_fannar, uniq_nergalle, uniq_urug
Lair:4:   eino_house_with_fridge, minmay_lair_oklob_chamber, grunt_megastairs_5,
          uniq_kirke
Lair:5:   grunt_megastairs_1, serial_bayou_shore_a
Lair:6:   gammafunk_lair_ancient_temple, slime_altar_1, st_stairs_4,
          serial_bayou_pond_c
Orc:1:    mines1_david
Orc:2:    pubby_orc_utopia
Ossuary:  ossuary_minmay_scorpions

Skill      XL: |  1  2  3  4  5  6  7  8  9 10 11 12 13 14 15 |
---------------+----------------------------------------------+-----
Stealth        | 5 6 7 8 9 11 13 15 16 17 18 | 18.6
Hexes          | 5 6 7 8 10 15 18 19 | 19.6
Dodging        | 3 4 5 7 8 9 11 | 11.3
Evocations     | 1 2 3 4 |  4.9
Spellcasting   | 3 4 5 7 |  7.6
Ice Magic      | 2 |  2.9
Fighting       | 3 4 5 7 |  7.5
Short Blades   | 4 5 6 8 |  8.9
Summonings     | 9 |  9.6

Action                   |  1- 3 |  4- 6 |  7- 9 | 10-12 | 13-15 || total
-------------------------+-------+-------+-------+-------+-------++-------
Melee: Dagger            |   121 |   197 |   451 |   192 |  1456 ||  2417
       Bite              |     8 |    14 |    47 |    21 |   141 ||   231
Throw: Stone             |       |       |       |       |    15 ||    15
 Cast: Corona            |    34 |    20 |    24 |     5 |     3 ||    86
       Confuse           |       |    21 |    58 |    23 |   118 ||   220
       Tukima's Dance    |       |       |     7 |     1 |    36 ||    44
       Ensorcelled Hiber |       |       |     6 |    41 |   318 ||   365
       Summon Mana Viper |       |       |       |       |    18 ||    18
 Abil: Bat Form          |       |       |     1 |     2 |    13 ||    16
       End Transformatio |       |       |     1 |     2 |    12 ||    15
Evoke: Wand              |       |       |       |       |     1 ||     1
  Use: Scroll            |     4 |     5 |    10 |     4 |    33 ||    56
       Potion            |       |     4 |    12 |    17 |    12 ||    45
 Stab: Sleeping          |    14 |    18 |    41 |    32 |   330 ||   435
       Confused          |       |    18 |    27 |     8 |    71 ||   124
       Distracted        |       |       |       |       |     4 ||     4
  Eat: Corpse            |       |     3 |     4 |     1 |       ||     8
Armor: Robe              |    32 |    27 |    91 |    22 |    95 ||   267
       Troll leather arm |       |       |       |       |    91 ||    91
Dodge: Dodged            |    93 |    87 |   257 |   216 |  1152 ||  1805

Table legend:
 A = Spawn XP
 B = Non-spawn XP
 C = Spawn XP percentage of total XP
 D = Spawn monster count
 E = Non-spawn monster count
 F = Spawn count percentage of total count
 G = Total turns spent on level
                    A         B        C        D         E        F      G
               +---------+---------+-------+---------+---------+-------+---------
         Total |       0 |  112274 |   0.0 |       0 |     809 |   0.0 | 35511
               +---------+---------+-------+---------+---------+-------+---------
           D:1 |       0 |      39 |   0.0 |       0 |      22 |   0.0 |   804
           D:2 |       0 |     128 |   0.0 |       0 |      31 |   0.0 |  1410
           D:3 |       0 |     155 |   0.0 |       0 |      19 |   0.0 |   820
           D:4 |       0 |     348 |   0.0 |       0 |       4 |   0.0 |  1099
           D:5 |       0 |     620 |   0.0 |       0 |      16 |   0.0 |  1842
           D:6 |       0 |    1647 |   0.0 |       0 |      46 |   0.0 |  1715
           D:7 |       0 |    1323 |   0.0 |       0 |      18 |   0.0 |   662
           D:8 |       0 |    3068 |   0.0 |       0 |      26 |   0.0 |  1469
           D:9 |       0 |     153 |   0.0 |       0 |       2 |   0.0 |   558
          D:10 |       0 |    3299 |   0.0 |       0 |      64 |   0.0 |  2191
          D:11 |       0 |    9930 |   0.0 |       0 |      90 |   0.0 |  1475
          D:12 |       0 |    9503 |   0.0 |       0 |      56 |   0.0 |   904
          D:13 |       0 |   14676 |   0.0 |       0 |      69 |   0.0 |   938
          D:14 |       0 |   14917 |   0.0 |       0 |      44 |   0.0 |  1268
        Lair:1 |       0 |    7928 |   0.0 |       0 |      32 |   0.0 |  2945
        Lair:2 |       0 |    4381 |   0.0 |       0 |      18 |   0.0 |  1066
        Lair:3 |       0 |   11918 |   0.0 |       0 |      29 |   0.0 |  2361
        Lair:4 |       0 |    1091 |   0.0 |       0 |      16 |   0.0 |  1296
        Lair:5 |       0 |    2149 |   0.0 |       0 |       7 |   0.0 |   772
        Lair:6 |       0 |     205 |   0.0 |       0 |       1 |   0.0 |    29
         Orc:1 |       0 |    4199 |   0.0 |       0 |      20 |   0.0 |  1196
         Orc:2 |       0 |   19635 |   0.0 |       0 |     150 |   0.0 |  6034
       Ossuary |       0 |     962 |   0.0 |       0 |      29 |   0.0 |  2579
               +---------+---------+-------+---------+---------+-------+---------
